 Dungeon Crawl Stone Soup version 0.27.1 (webtiles) character file.

Game seed: 1944696497055795056

9733 robertstho the Thaumaturge (level 11, -5/76 HPs)
             Began as a Djinni Fire Elementalist on Sept 3, 2021.
             Was an Initiate of Gozag.
             Hit by a javelin thrown by a centaur (8 damage)
             ... in a bailey.
             The game lasted 00:21:49 (14303 turns).

robertstho the Thaumaturge (DjFE)                  Turns: 14303, Time: 00:21:50

Health: -5/76      AC:  6    Str:  7    XL:     11   Next: 79%
Gold:   256        EV: 16    Int: 21    God:    Gozag SH:  0 Dex: 19

rFire    + + +     SeeInvis .   j - +2 short sword (speed)
rCold    . . .     Faith    .   (no shield)
rNeg     . . .     Spirit   .   a - +0 robe
rPois    ∞         Reflect  .   k - +2 hat {Stlth+}
rElec    +         Harm     .   u - +0 cloak
rCorr    +         Rampage  .   h - +0 pair of gloves
Will     +....                  (boots unavailable)
Stlth    ++++......             (no amulet)
HPRegen  0.22/turn              m - +6 ring of dexterity
MPRegen  0.00/turn              (no ring)

@: resistant, gold aura, flying, very slightly contaminated, invisible
A: sickness immunity, fire resistance 2, cold vulnerability 1, float, innate
caster, hp casting, extra vitality 1
a: Renounce Religion, Potion Petition, Call Merchant, Bribe Branch


You were in a bailey.
You worshipped Gozag.
Gozag was aware of your devotion.
You visited 2 branches of the dungeon, and saw 13 of its levels.
You also visited: Sewer and Bailey.

You collected 1352 gold pieces.
You spent 80 gold pieces at shops.
You paid 1016 gold pieces to Gozag.

Inventory:

Hand Weapons
 b - a +0 short sword of venom
 j - a +2 short sword of speed (weapon)
Armour
 a - a +0 robe (worn)
 h - a +0 pair of gloves (worn)
 k - a +2 hat of stealth (worn)
 u - a +0 cloak (worn)
Jewellery
 m - a +6 ring of dexterity (left hand)
 A - a ring of resist corrosion
 B - a ring of see invisible
Wands
 r - a wand of flame (17)
 t - a wand of digging (2)
 w - a wand of iceblast (7)
Scrolls
 d - a scroll of immolation
 g - 2 scrolls of enchant weapon
 n - 2 scrolls of teleportation
 p - a scroll of blinking
 s - a scroll of magic mapping
Potions
 c - a potion of berserk rage
 e - 2 potions of curing
 f - a potion of ambrosia
 i - 2 potions of magic {unknown}
 o - 2 potions of brilliance {unknown}
 q - 4 potions of lignification {unknown}
 v - a potion of haste {unknown}
 x - 2 potions of flight {unknown}
 z - 2 potions of might {unknown}
Miscellaneous
 l - a box of beasts


   Skills:
 * Level 5.6 Fighting
 * Level 6.7 Dodging
 + Level 4.5 Stealth
 * Level 11.7 Spellcasting


You had 2 spell levels left.
You knew the following spells:

 Your Spells              Type           Power      Damage    Failure   Level
a - Foxfire               Conj/Fire      100%       2x1d9     1%          1
b - Conjure Flame         Conj/Fire      57%        6-21      1%          3
c - Inner Flame           Hex/Fire       57%        N/A       1%          3
d - Sticky Flame          Conj/Fire      57%        2d7       1%          4
e - Fireball              Conj/Fire      28%        3d12      1%          5
f - Sandblast             Erth           100%       2d20      1%          1
g - Blink                 Tloc           N/A        N/A       1%          2
h - Portal Projectile     Hex/Tloc       100%       N/A       1%          3
i - Hailstorm             Conj/Ice       57%        3d12      1%          4
j - Borgnjor's Vile Clut  Necr/Erth      28%        N/A       1%          5
Your spell library was empty.

Dungeon Overview and Level Annotations

Branches:
Dungeon (12/15)            Temple (1/1) D:4            Lair (0/6) D:9
    Orc (0/2) D:10          Sewer (visited)          Bailey (1/1)

Altars:
Cheibriados
Dithmenos
Elyvilon
Fedhas
Gozag
Hepliaklqana
Kikubaaqudgha
Makhleb
Okawaru
Qazlal
Ru
Sif Muna
Trog
Uskayaw
Vehumet
Wu Jian
Xom
Yredelemnul
The Shining One

Shops:
D:1 *   D:6 :

Annotations:
D:10 Sonja
D:12 Snorg


Innate Abilities, Weirdness & Mutations

You are immune to sickness and miasma.
You are immune to poison.
Your flesh is very heat resistant. (rF++)
You are vulnerable to cold. (rC-)
You float through the air rather than walking.
You learn spells naturally, not from books.
Your magical power is your life essence.
You have superior vitality. (+4 HP)


Message History

Casting: Fireball (dangerous; 1% risk of failure)
Confirm with . or Enter, or press ? or * to list all spells.
Aiming: Fireball (dangerous; 1% risk of failure)
Press: ? - help, Shift-Dir - straight line, f/p - orc warrior
Aim: an orc warrior, wielding a +0 halberd and wearing a +0 plate armour (almost dead)
The fireball explodes!
The fireball engulfs the orc warrior!!
You kill the orc warrior!
The centaur shouts! x2
* * * LOW HITPOINT WARNING * * *
The centaur throws a javelin.
The javelin pierces through you!
* * * LOW HITPOINT WARNING * * *
The centaur throws a javelin.
The javelin closely misses you.
The centaur throws a javelin.
The javelin barely misses you.
The centaur throws a javelin. x2; The javelin closely misses you.
Casting: Fireball (dangerous; 1% risk of failure)
Confirm with . or Enter, or press ? or * to list all spells.
Aiming: Fireball (dangerous; 1% risk of failure)
Press: ? - help, Shift-Dir - straight line, f - centaur
Aim: a centaur, wielding a +0 spear, wearing a +0 chain mail and quivering javelins The fireball explodes!
The fireball engulfs the centaur!!
The centaur is almost dead.
The fireball engulfs the centaur!
The centaur is heavily wounded.
* * * LOW HITPOINT WARNING * * *
The centaur throws a javelin.
The javelin barely misses you.
The centaur throws a javelin.
The javelin barely misses you.
Unknown command.
Casting: Fireball (dangerous; 1% risk of failure)
Confirm with . or Enter, or press ? or * to list all spells.
Aiming: Fireball (dangerous; 1% risk of failure)
Press: ? - help, Shift-Dir - straight line, f/p - centaur
Aim: a centaur, wielding a +0 spear, wearing a +0 chain mail and quivering javelins (steam, almost dead)
The fireball explodes!
The fireball engulfs the centaur!!
You kill the centaur!
The fireball engulfs the centaur!
You kill the centaur!
* * * LOW HITPOINT WARNING * * *
The centaur throws a javelin.
The javelin pierces through you!
You die...
Your body crumbles into a pile of gold.

....≈≈≈≈≈≈≈≈###.....
.≈≈≈≈≈≈≈..≈≈≈≈≈≈≈#......
≈≈≈.....≈≈≈$.≈≈≈≈≈#....##
≈≈.........≈≈≈.≈≈≈≈#...##.
.............≈.≈≈≈≈#...#.⌠
.⌠.........⌠.≈≈$≈≈≈#)..#..
...$§.........≈$≈≈≈#..⌠#.≈
...§§§≈≈≈≈§$..≈≈.≈≈#..##.≈
.≈≈≈§≈≈≈≈@§≈§..#####..#.≈≈
≈≈≈≈≈≈≈≈≈≈≈§≈......'..#.≈.
≈≈≈≈≈?|.≈≈≈≈≈......'..#.≈.
≈≈oo≈≈≈≈≈≈≈≈≈......'..#.≈.
.≈≈≈≈≈≈≈≈≈≈≈...#####.)#.≈≈
...≈≈≈≈≈≈≈$...≈≈.≈≈#..##.≈
........$$....≈c≈≈≈#.)⌠#.≈
.⌠.........⌠.≈≈.≈≈≈#.).#.)
.............≈.≈≈≈≈#...#.⌠


You could see an orc warrior, a centaur and an orc.

Vanquished Creatures
  A hydra (D:12)
  3 two-headed ogres
  A komodo dragon (D:9)
  2 trolls
  2 hornets (D:9)
  A slime creature (D:12)
  A shadow (D:9)
  A vampire (D:12)
  A wyvern (D:8)
  3 yaks (D:8)
  Edmund (D:6)
  3 water moccasins
  An acid dragon (D:9)
  An ice beast (D:7)
  9 orc warriors
  A sky beast (D:6)
  Purgy (Sewer)
  2 ogres (D:6)
  11 centaurs
  A kobold brigand (D:8)
  Blork the orc (D:6)
  5 bullfrogs
  2 scorpions (D:5)
  2 water moccasin zombies
  A water moccasin skeleton (D:4)
  A killer bee (D:9)
  13 wights
  2 howler monkeys (D:9)
  2 centaur zombies
  2 bullfrog zombies (D:6)
  3 hounds
  2 jellies
  3 orc priests
  Crazy Yiuf (D:6)
  3 iguanas
  2 orc wizards (D:3)
  A killer bee zombie (D:8)
  Robin (D:2)
  2 gnolls (D:10)
  6 adders
  A white imp (D:8)
  3 worms
  3 dart slugs
  45 orcs
  9 ball pythons
  5 bats
  10 endoplasms
  5 giant cockroaches
  16 goblins
  8 hobgoblins
  2 jackals (Sewer)
  12 kobolds
  2 quokkas
  2 frilled lizards
  9 rats
234 creatures vanquished.

Vanquished Creatures (others)
  680 foxfires
  A fungus (D:2)
  18 plants
699 creatures vanquished.

Grand Total: 933 creatures vanquished

Notes
Turn   | Place    | Note
-------+----------+-------------------------------------------
     0 | D:1      | robertstho the Djinni Fire Elementalist began the quest for
                  | the Orb.
     0 | D:1      | Reached XP level 1. HP: 15/15 MP: 0/0
   468 | D:1      | Reached XP level 2. HP: 17/21 MP: 0/0
   873 | D:1      | Reached skill level 3 in Spellcasting
  1113 | D:1      | Reached XP level 3. HP: 14/25 MP: 0/0
  1113 | D:1      | Learned a level 1 spell: Sandblast
  1348 | D:1      | Found Decauvao's General Store.
  1354 | D:1      | Bought a scroll of identify for 20 gold pieces
  1733 | D:2      | Noticed Robin
  1738 | D:2      | Killed Robin
  2097 | D:1      | Reached XP level 4. HP: 26/31 MP: 0/0
  2397 | D:2      | Reached skill level 1 in Fighting
  3408 | D:2      | Reached XP level 5. HP: 35/37 MP: 0/0
  3408 | D:2      | Learned a level 2 spell: Blink
  3523 | D:2      | Found a faded altar of an unknown god.
  3884 | D:3      | Reached skill level 4 in Spellcasting
  4322 | D:3      | Reached XP level 6. HP: 15/42 MP: 0/0
  5041 | D:4      | Reached skill level 5 in Spellcasting
  5288 | D:4      | Reached XP level 7. HP: 43/48 MP: 0/0
  5288 | D:4      | Learned a level 3 spell: Portal Projectile
  5444 | D:4      | Found a staircase to the Ecumenical Temple.
  5453 | Temple   | Entered the Ecumenical Temple
  5630 | Temple   | Became a worshipper of Gozag Ym Sagoz the Greedy
  6105 | D:5      | Entered Level 5 of the Dungeon
  6202 | D:5      | Noticed a water moccasin
  6214 | D:5      | Killed a water moccasin
  6802 | D:5      | Reached skill level 6 in Spellcasting
  6803 | D:5      | Reached XP level 8. HP: 48/54 MP: 0/0
  6986 | D:1      | Bought a potion of curing for 30 gold pieces
  6986 | D:1      | Bought a scroll of teleportation for 30 gold pieces
  7554 | D:6      | Found a glowing drain.
  7558 | D:6      | Noticed Blork the orc
  7564 | D:6      | Killed Blork the orc
  7584 | Sewer    | Entered a sewer
  7722 | Sewer    | Noticed Purgy
  7728 | Sewer    | Killed Purgy
  8044 | D:6      | Found Rouzigej's Book Boutique.
  8351 | D:6      | Reached skill level 7 in Spellcasting
  8445 | D:6      | Reached XP level 9. HP: 57/60 MP: 0/0
  8445 | D:6      | Learned a level 4 spell: Hailstorm
  8546 | D:6      | Noticed Edmund
  8560 | D:6      | Killed Edmund
  9014 | D:6      | Found a runed translucent door.
  9015 | D:6      | Noticed Crazy Yiuf
  9077 | D:6      | Reached skill level 8 in Spellcasting
  9248 | D:6      | Killed Crazy Yiuf
  9866 | D:7      | Found a blossoming altar of Fedhas.
 10364 | D:8      | Noticed a two-headed ogre
 10368 | D:8      | Killed a two-headed ogre
 10369 | D:8      | Reached skill level 5 in Dodging
 10369 | D:8      | Reached skill level 9 in Spellcasting
 10369 | D:8      | Reached XP level 10. HP: 52/68 MP: 0/0
 11813 | D:9      | Reached skill level 10 in Spellcasting
 11883 | D:9      | Noticed a komodo dragon
 11889 | D:9      | Killed a komodo dragon
 12263 | D:9      | Found a staircase to the Lair.
 12314 | D:9      | Reached XP level 11. HP: 48/74 MP: 0/0
 12314 | D:9      | Learned a level 5 spell: Borgnjor's Vile Clutch
 12316 | D:9      | Reached skill level 5 in Fighting
 12328 | D:9      | Noticed a two-headed ogre
 12332 | D:9      | Killed a two-headed ogre
 12337 | D:9      | Noticed a great orb of eyes
 12338 | D:9      | You are sucked into a shaft and drop 3 floors!
 12748 | D:12     | Noticed a seven-headed hydra
 12751 | D:12     | Killed a seven-headed hydra
 12752 | D:12     | Reached skill level 11 in Spellcasting
 12755 | D:12     | Noticed a two-headed ogre
 12759 | D:12     | Killed a two-headed ogre
 12907 | D:12     | Noticed Snorg
 12929 | D:11     | Noticed a two-headed ogre
 12938 | D:10     | Entered Level 10 of the Dungeon
 12941 | D:10     | Identified a scroll of acquirement
 12941 | D:10     | Acquired a +2 hat of stealth
 13067 | D:10     | Noticed Sonja
 13073 | D:10     | Found a flagged portal.
 13083 | Bailey   | Entered a bailey
 14303 | Bailey   | Hit by a javelin thrown by a centaur

Illustrated notes

Levels and vault maps discovered:
D:1:      ebering_trefoil_3fold, layout_loops_ring, serial_shops,
          nicolae_square_shop, minmay_strange_pillars
D:2:      minmay_recursive_quarters, layout_basic,
          dreamdust_ecumenical_altar_hidden_monk_grotto,
          chequers_serial_rivers_micro_a, uniq_robin
D:3:      layout_rooms
D:4:      layout_cave_pods, minmay_temple_entry_wispy
D:5:      layout_basic
D:6:      layout_cave_pods, cheibrodos_sewer_entry_sluice, serial_shops, shop,
          uniq_blork_the_orc, uniq_crazy_yiuf_cottage, uniq_edmund
D:7:      layout_basic, mainiacjoe_overflow_brackets
D:8:      layout_basic
D:9:      nzn_winding_woodlands_small [nzn_winding_woodlands_5x15_pool,
          nzn_winding_woodlands_center_garden,
          nzn_winding_woodlands_5x15_longhouse], layout_irregular_city,
          david_lair_shrubbed
D:10:     layout_irregular_city, chequers_temple_overflow_minitemple,
          kennysheep_orc_monster_closet_entryway, enter_bailey_7, uniq_sonja
D:11:     layout_rooms, portal_ice_cave_entry_imps, lightli_minifort
D:12:     layout_roguey, serial_shops, shop_fountains, uniq_snorg
Temple:   dpeg_five_rooms_temple
Bailey:   bailey_polearm_flooded_kennysheep, bailey

Skill      XL: |  1  2  3  4  5  6  7  8  9 10 11 |
---------------+----------------------------------+-----
Spellcasting   | 3 4 5 6 7 9 10 11 | 11.7
Fighting       | 1 2 3 4 5 |  5.6
Dodging        | 3 4 5 6 |  6.7
Stealth        | 2 3 4 |  4.5

Action                   |  1- 3 |  4- 6 |  7- 9 | 10-12 || total
-------------------------+-------+-------+-------+-------++-------
Melee: Unarmed           |     3 |       |       |       ||     3
       Short sword       |       |     2 |       |       ||     2
 Cast: Foxfire           |    80 |   196 |   130 |     4 ||   410
       Sticky Flame      |       |       |     5 |     5 ||    10
       Fireball          |       |       |    34 |   107 ||   141
       Borgnjor's Vile C |       |       |       |     1 ||     1
Invok: Potion Petition   |       |       |       |     2 ||     2
Evoke: Wand              |       |       |       |     1 ||     1
  Use: Scroll            |     2 |       |     8 |     8 ||    18
       Potion            |       |       |       |     2 ||     2
Armor: Robe              |     3 |     5 |     4 |     5 ||    17
Dodge: Dodged            |    12 |    23 |    13 |    21 ||    69
